Atomiques vs Mulligans

Created - November 4, 2019 at 19:34

Goals
1 2 3 T
Atomiques 1 2 2 5
Mulligans 4 2 2 8
Shots
1 2 3 T
Atomiques 14 11 8 33
Mulligans 14 10 16 40

1st period

1. Atomiques , Dennis Everberg 4 (Chris Tierney 7) at 5:19 (PP)
2. Mulligans , Eric Tangradi 7 (Anton Lander 6) at 6:35
3. Mulligans , Eric Tangradi 8 (Anton Lander 7, Matt Beleskey 5) at 8:07
4. Mulligans , Matt Beleskey 4 (Thomas Hickey 4, Jonathan Ferland 3) at 15:08
5. Mulligans , Logan Shaw 4 (Maxime Macenauer 2, Michael Sdao 2) at 17:00

Penalties :
Wiley Sherman (STB) for Charging (Minor) at 2:34, Ben Hutton (Rep) for Tripping (Minor) at 5:14

2nd period

6. Atomiques , Brandon Saad 6 (Dennis Everberg 5, Travis Sanheim 8) at 2:10 (PP)
7. Atomiques , Michael Chaput 3 (Corey Tropp 1) at 4:23
8. Mulligans , Cody Goloubef 2 (Valeri Nichushkin 2, Anton Lander 8) at 7:28
9. Mulligans , Joonas Donskoi 2 (Michael Sdao 3) at 19:50

Penalties :
Logan Shaw (Rep) for Hooking (Minor) at 1:59, Cade Fairchild (Rep) for Roughing (Minor) at 7:51, Wiley Sherman (STB) for Hooking (Minor) at 17:46

3rd period

10. Mulligans , Anton Lander 1 (Valeri Nichushkin 3) at 6:43
11. Atomiques , Taylor Beck 6 (Wiley Sherman 4, Travis Sanheim 9) at 14:22
12. Mulligans , Drayson Bowman 1 (Thomas Hickey 5, Cody Goloubef 2) at 16:37
13. Atomiques , Christoph Bertschy 4 (Taylor Beck 5) at 19:14

Penalties :
John Draeger (STB) for Holding (Minor) at 6:50

Goalie Stats

Connor Hellebyuk (STB), 9 saves from 13 shots - (0.692), 17:00 minutes
Thatcher Demko (STB), 23 saves from 27 shots - (0.852), L, 0-2-0, 43:00 minutes
Juuse Saros (Rep), 28 saves from 33 shots - (0.848), W, 1-0-0, 60:00 minutes

Players Stats for Atomiques

Player Name              G  A  P  +/- PIM S  H  SB GA TA FO     MP     PP MP  PK MP  
------------------------------------------------------------------------------------
Brandon McMillan         0  0  0  -2  0   2  2  0  0  0  0/0    16:15   0:00   2:04 
Brandon Saad             1  0  1   0  0   4  0  0  1  0  0/0    17:30   1:25   0:00 
Chris Tierney            0  1  1   0  0   2  0  1  0  0  22/39  20:19   1:25   3:07 
Christoph Bertschy       1  0  1  -2  0   3  2  0  0  0  6/9    14:45   0:50   0:17 
Connor Clifton           0  0  0   0  0   0  0  0  0  0  0/0     7:14   0:00   3:36 
Corey Tropp              0  1  1  -2  0   1  4  0  0  1  1/2    14:11   0:00   0:00 
Dennis Everberg          1  1  2   0  0   4  3  1  1  0  0/0    19:35   1:25   2:09 
Eric Mestery             0  0  0   0  0   3  2  0  0  0  0/0    11:17   0:00   0:46 
Jack Skille              0  0  0  -1  0   1  0  0  0  0  0/0     8:05   0:00   0:00 
Jacob De La Rose         0  0  0  -1  0   0  0  0  0  0  0/2    10:21   0:00   2:09 
John Draeger             0  0  0  -3  2   0  3  0  0  0  0/0    25:35   0:45   1:39 
Matt Tennyson            0  0  0  -3  0   1  0  1  1  2  0/0    20:36   0:45   2:40 
Michael Chaput           1  0  1  -2  0   1  0  0  0  0  4/4    14:15   0:00   0:00 
Mike Halmo               0  0  0  -2  0   0  1  0  0  0  0/0    10:01   0:00   2:05 
Taylor Beck              1  1  2  -1  0   6  2  0  0  1  0/1    14:26   0:50   0:07 
Travis Sanheim           0  2  2  -2  0   2  1  0  0  0  0/0    28:37   1:30   2:23 
Wiley Sherman            0  1  1  -3  4   1  0  2  1  1  0/0    26:42   1:30   0:46 
William Nylander         0  0  0  -1  0   2  0  0  0  0  0/0    14:16   0:50   0:00 

Players Stats for Mulligans

Player Name              G  A  P  +/- PIM S  H  SB GA TA FO     MP     PP MP  PK MP  
------------------------------------------------------------------------------------
Anton Lander             1  3  4   3  0   3  3  0  0  0  14/24  19:00   3:05   0:39 
Ben Hutton               0  0  0   0  2   2  0  0  0  0  0/0    17:35   2:27   0:00 
Cade Fairchild           0  0  0   1  2   0  2  1  0  0  0/0     9:29   0:00   0:05 
Cody Goloubef            1  1  2   3  0   6  2  2  0  2  0/0    25:50   3:30   1:14 
Dalton Thrower           0  0  0   1  0   0  0  0  0  1  0/0     6:31   0:00   0:23 
Darren Dietz             0  0  0   1  0   0  0  1  0  0  0/0    10:22   0:00   0:36 
Drayson Bowman           1  0  1   2  0   1  0  0  0  0  0/0    13:16   0:00   0:00 
Eric Tangradi            2  0  2   3  0   5  3  1  0  1  0/2    19:11   3:12   0:39 
Jonathan Ferland         0  1  1   0  0   3  0  0  1  0  0/1    14:44   0:20   1:15 
Joonas Donskoi           1  0  1   1  0   3  3  0  1  0  0/0    10:38   0:07   0:00 
Logan Shaw               1  0  1   2  2   5  3  0  0  0  0/0    15:52   2:35   0:21 
Matt Beleskey            1  1  2  -1  0   3  2  0  0  0  1/1    15:35   2:35   0:00 
Maxime Macenauer         0  1  1   2  0   3  1  1  1  0  7/13   14:31   0:00   1:15 
Michael Sdao             0  2  2   0  0   1  1  0  0  0  0/0    18:34   2:27   0:58 
Robbie Russo             0  0  0   1  0   0  0  0  0  0  0/0     5:47   0:00   0:00 
Robby Fabbri             0  0  0   0  0   0  2  0  0  0  1/3    10:07   0:00   0:00 
Sam Bennett              0  0  0  -1  0   0  2  0  0  0  1/12   15:35   2:35   0:00 
Sven Baertschi           0  0  0   1  0   0  0  0  0  0  0/0    10:43   0:10   0:21 
Thomas Hickey            0  2  2   3  0   3  3  4  2  0  0/0    25:50   3:30   1:14 
Valeri Nichushkin        0  2  2   3  0   2  2  1  0  0  0/1    18:32   3:12   0:00 

3 Stars

1 - Anton Lander (Rep)
2 - Eric Tangradi (Rep)
3 - Cody Goloubef (Rep)

Power Play

Atomiques - 2 on 3 Attempt(s) - 66.67%
Mulligans - 0 on 3 Attempt(s) - 0.00%

Penalty Kill

Atomiques - 3 on 3 Attempt(s) - 100.00% - Score 0 goal in Penalty Kill
Mulligans - 1 on 3 Attempt(s) - 33.33% - Score 0 goal in Penalty Kill

Team Stat

Atomiques - Hits : 20 - Faceoff Wins : 33 - Blocked Shots : 5 - Penalty Minutes : 6
Mulligans - Hits : 29 - Faceoff Wins : 24 - Blocked Shots : 11 - Penalty Minutes : 6

Official

Referees : Unknown
Linesman : Unknown

Game Notes

Thatcher Demko enters game at 17:00 of 1st period

Finance

Level 1 -- Attendance: 1600 (80.00%) -- Ticket Income $40,000
Level 2 -- Attendance: 807 (80.70%) -- Ticket Income $9,684
Total Attendance: 2407 (80.23%)
Total Ticket Income: $49,684
Other Income: $2,484
Total Income: $52,168

Atomiques

5 vs 5 Forward 
   Center                   Left Wing                Right Wing               Time % Phy DF OF 
 1 Chris Tierney            Brandon Saad             Dennis Everberg          40     1   2  2  
 2 Christoph Bertschy       Taylor Beck              William Nylander         30     1   2  2  
 3 Michael Chaput           Brandon McMillan         Corey Tropp              20     1   2  2  
 4 Jacob De La Rose         Mike Halmo               Jack Skille              10     1   2  2  

5 vs 5 Defense 
   Defense                  Defense                                           Time % Phy DF OF 
 1 Travis Sanheim           Wiley Sherman                                     40     1   2  2  
 2 Matt Tennyson            John Draeger                                      30     1   2  2  
 3 Eric Mestery             John Draeger                                      20     1   2  2  
 4 Travis Sanheim           Wiley Sherman                                     10     1   2  2  

PowerPlay Forward 
   Center                   Left Wing                Right Wing               Time % Phy DF OF 
 1 Chris Tierney            Brandon Saad             Dennis Everberg          60     1   2  2  
 2 Christoph Bertschy       Taylor Beck              William Nylander         40     1   2  2  

PowerPlay Defense
   Defense                  Defense                                           Time % Phy DF OF 
 1 Travis Sanheim           Wiley Sherman                                     60     1   2  2  
 2 Matt Tennyson            John Draeger                                      40     1   2  2  

Penalty Kill 4 Players Forward 
   Center                   Wing                     Time % Phy DF OF 
 1 Chris Tierney            Brandon McMillan         60     1   2  2  
 2 Jacob De La Rose         Dennis Everberg          40     1   2  2  

Penalty Kill 4 Players Defense
   Defense                  Defense                  Time % Phy DF OF 
 1 Travis Sanheim           Wiley Sherman            60     1   2  2  
 2 Matt Tennyson            John Draeger             40     1   2  2  

Penalty Kill - 3 Players Forward 
   Forward                                           Time % Phy DF OF 
 1 Chris Tierney                                     60     1   2  2  
 2 Jacob De La Rose                                  40     1   2  2  

Penalty Kill - 3 Players Defense
   Defense                  Defense                  Time % Phy DF OF 
 1 Travis Sanheim           Wiley Sherman            60     1   2  2  
 2 Matt Tennyson            John Draeger             40     1   2  2  

4 vs 4 Forward 
   Center                   Wing                     Time % Phy DF OF 
 1 Chris Tierney            Dennis Everberg          60     1   2  2  
 2 Taylor Beck              William Nylander         40     1   2  2  

4 vs 4 Defense
   Defense                  Defense                  Time % Phy DF OF 
 1 Travis Sanheim           Wiley Sherman            60     1   2  2  
 2 Matt Tennyson            John Draeger             40     1   2  2  

Last Minutes Offensive
   Center                   Left Wing                Right Wing               Defense                  Defense                  
   Chris Tierney            Taylor Beck              Dennis Everberg          Travis Sanheim           Wiley Sherman            

Last Minutes Defensive
   Center                   Left Wing                Right Wing               Defense                  Defense                  
   Chris Tierney            Brandon McMillan         Corey Tropp              Matt Tennyson            Wiley Sherman            

Goaltenders
Starting : Connor Hellebyuk         
Backup : Thatcher Demko           

Extra Forwards
Normal : Taylor Beck, Brandon Saad, William Nylander - PP : William Nylander, Dennis Everberg - PK : Mike Halmo
Extra Defensemen
Normal : John Draeger, Wiley Sherman, Matt Tennyson - PP : Travis Sanheim - PK : Wiley Sherman, Travis Sanheim
Penalty Shots
Taylor Beck, Christoph Bertschy, William Nylander, Dennis Everberg, Brandon McMillan

Scratches
Freddie Hamilton (Healthy), Max McCormick (Healthy), Dalton Smith (Healthy), Joseph Cramarossa (Healthy), Bobby Farnham (Healthy)
Carl Dahlstrom (Healthy), Colby Cohen (Healthy), Anthony Nigro (Healthy), Axel Holmstrom (Healthy), Keegan Iverson (Healthy)
Andrew Hammond (Healthy)

Mulligans

5 vs 5 Forward 
   Center                   Left Wing                Right Wing               Time % Phy DF OF 
 1 Anton Lander             Eric Tangradi            Valeri Nichushkin        34     0   2  3  
 2 Maxime Macenauer         Drayson Bowman           Logan Shaw               26     0   2  3  
 3 Sam Bennett              Matt Beleskey            Jonathan Ferland         26     0   2  3  
 4 Robby Fabbri             Sven Baertschi           Joonas Donskoi           14     0   2  3  

5 vs 5 Defense 
   Defense                  Defense                                           Time % Phy DF OF 
 1 Thomas Hickey            Cody Goloubef                                     40     0   3  2  
 2 Michael Sdao             Ben Hutton                                        30     0   3  2  
 3 Cade Fairchild           Darren Dietz                                      20     0   3  2  
 4 Dalton Thrower           Robbie Russo                                      10     0   3  2  

PowerPlay Forward 
   Center                   Left Wing                Right Wing               Time % Phy DF OF 
 1 Anton Lander             Eric Tangradi            Valeri Nichushkin        60     0   1  4  
 2 Sam Bennett              Matt Beleskey            Logan Shaw               40     0   1  4  

PowerPlay Defense
   Defense                  Defense                                           Time % Phy DF OF 
 1 Thomas Hickey            Cody Goloubef                                     60     0   2  3  
 2 Michael Sdao             Ben Hutton                                        40     0   2  3  

Penalty Kill 4 Players Forward 
   Center                   Wing                     Time % Phy DF OF 
 1 Maxime Macenauer         Jonathan Ferland         60     1   3  1  
 2 Anton Lander             Eric Tangradi            40     1   3  1  

Penalty Kill 4 Players Defense
   Defense                  Defense                  Time % Phy DF OF 
 1 Thomas Hickey            Cody Goloubef            60     0   4  1  
 2 Michael Sdao             Cade Fairchild           40     0   4  1  

Penalty Kill - 3 Players Forward 
   Forward                                           Time % Phy DF OF 
 1 Eric Tangradi                                     60     1   3  1  
 2 Jonathan Ferland                                  40     1   3  1  

Penalty Kill - 3 Players Defense
   Defense                  Defense                  Time % Phy DF OF 
 1 Thomas Hickey            Cody Goloubef            60     1   4  0  
 2 Michael Sdao             Cade Fairchild           40     1   4  0  

4 vs 4 Forward 
   Center                   Wing                     Time % Phy DF OF 
 1 Anton Lander             Eric Tangradi            60     0   2  3  
 2 Sam Bennett              Jonathan Ferland         40     0   2  3  

4 vs 4 Defense
   Defense                  Defense                  Time % Phy DF OF 
 1 Thomas Hickey            Cody Goloubef            60     1   2  2  
 2 Michael Sdao             Ben Hutton               40     1   2  2  

Last Minutes Offensive
   Center                   Left Wing                Right Wing               Defense                  Defense                  
   Anton Lander             Eric Tangradi            Jonathan Ferland         Thomas Hickey            Cody Goloubef            

Last Minutes Defensive
   Center                   Left Wing                Right Wing               Defense                  Defense                  
   Anton Lander             Eric Tangradi            Jonathan Ferland         Thomas Hickey            Cody Goloubef            

Goaltenders
Starting : Juuse Saros              
Backup : Calvin Pickard           

Extra Forwards
Normal : Joonas Donskoi, Sven Baertschi, Robby Fabbri - PP : Jonathan Ferland, Sven Baertschi - PK : Logan Shaw
Extra Defensemen
Normal : Cade Fairchild, Darren Dietz, Dalton Thrower - PP : Cade Fairchild - PK : Darren Dietz, Dalton Thrower
Penalty Shots
Jonathan Ferland, Maxime Macenauer, Eric Tangradi, Drayson Bowman, Anton Lander

Scratches
Reid Boucher (Healthy), Nick Moutrey (Healthy), John Hayden (Healthy), Jonny Brodzinski (Healthy), Cristiano Digiacinto (Healthy)

% Time on Ice - Atomiques

Lines # - Real PCT - Wanted PCT - Time Play
Normal Forward
1 - 31% - 40% - 16:07
2 - 26% - 30% - 13:36
3 - 27% - 20% - 14:11
4 - 15% - 10% - 7:54
Normal Defense
1 - 40% - 40% - 20:51
2 - 31% - 30% - 16:15
3 - 20% - 20% - 10:31
4 - 8% - 10% - 4:11
PP Forward
1 - 63% - 60% - 1:25
2 - 37% - 40% - 0:50
PP Defense
1 - 67% - 60% - 1:30
2 - 33% - 40% - 0:45
PK Forward
1 - 64% - 60% - 3:48
2 - 36% - 40% - 2:09
PK Defense
1 - 54% - 60% - 3:13
2 - 46% - 40% - 2:44
PK3 Forward
1 - 0% - 60%
2 - 0% - 40%
PK3 Defense
1 - 0% - 60%
2 - 0% - 40%
44 Forward
1 - 0% - 60%
2 - 0% - 40%
44 Defense
1 - 0% - 60%
2 - 0% - 40%
Last Minute Offensive  - 0:00
Last Minute Defensive  - 0:00
Total
Forward - 60:00
Defense - 60:00

% Time on Ice - Mulligans

Lines # - Real PCT - Wanted PCT - Time Play
Normal Forward
1 - 30% - 34% - 15:25
2 - 26% - 26% - 13:16
3 - 25% - 26% - 13:00
4 - 20% - 14% - 10:07
Normal Defense
1 - 41% - 40% - 21:06
2 - 30% - 30% - 15:30
3 - 18% - 20% - 9:25
4 - 11% - 10% - 5:47
PP Forward
1 - 57% - 60% - 3:22
2 - 43% - 40% - 2:35
PP Defense
1 - 59% - 60% - 3:30
2 - 41% - 40% - 2:27
PK Forward
1 - 71% - 60% - 1:36
2 - 29% - 40% - 0:39
PK Defense
1 - 55% - 60% - 1:14
2 - 45% - 40% - 1:01
PK3 Forward
1 - 0% - 60%
2 - 0% - 40%
PK3 Defense
1 - 0% - 60%
2 - 0% - 40%
44 Forward
1 - 0% - 60%
2 - 0% - 40%
44 Defense
1 - 0% - 60%
2 - 0% - 40%
Last Minute Offensive  - 0:00
Last Minute Defensive  - 0:00
Total
Forward - 60:00
Defense - 60:00

Play-by-Play

1st period


0:01 of 1st period - Anton Lander wins face-off versus Chris Tierney in neutral zone.
0:34 of 1st period - Backhand shot by Michael Chaput.
0:34 of 1st period - Shot Misses the Net.
1:32 of 1st period - Eric Mestery is hit by Michael Sdao and loses puck.
2:34 of 1st period - Minor Penalty to Wiley Sherman for Charging.
2:35 of 1st period - Anton Lander wins face-off versus Chris Tierney in Atomiques zone.
2:48 of 1st period - Off-side.
2:49 of 1st period - Anton Lander wins face-off versus Chris Tierney in neutral zone.
4:34 of 1st period - Penalty to Wiley Sherman is over, Wiley Sherman is back on ice.
4:40 of 1st period - Cody Goloubef is hit by Christoph Bertschy and loses puck.
4:49 of 1st period - Snap shot by Taylor Beck.
4:49 of 1st period - Stopped by Juuse Saros with a rebound.
4:51 of 1st period - Slapshot by John Draeger.
4:51 of 1st period - Shot Misses the Net.
4:53 of 1st period - Slapshot by Wiley Sherman.
4:53 of 1st period - Shot Blocked by Cody Goloubef.
5:14 of 1st period - Minor Penalty to Ben Hutton for Tripping.
5:15 of 1st period - Chris Tierney wins face-off versus Maxime Macenauer in Mulligans zone.
5:19 of 1st period - Snap shot by Dennis Everberg.
5:19 of 1st period - Goal by Dennis Everberg - Atomiques : 1 - Mulligans : 0.
5:20 of 1st period - Chris Tierney wins face-off versus Sam Bennett in neutral zone.
5:50 of 1st period - Snap shot by Taylor Beck.
5:50 of 1st period - Stopped by Juuse Saros with a rebound.
5:56 of 1st period - Wrist shot by Eric Tangradi.
5:56 of 1st period - Stopped by Connor Hellebyuk without a rebound.
5:57 of 1st period - Maxime Macenauer wins face-off versus Chris Tierney in Atomiques zone.
6:06 of 1st period - Snap shot by Chris Tierney.
6:06 of 1st period - Shot Blocked by Cody Goloubef.
6:08 of 1st period - Wrist shot by Dennis Everberg.
6:08 of 1st period - Stopped by Juuse Saros with a rebound.
6:10 of 1st period - Slapshot by Matt Tennyson.
6:10 of 1st period - Shot Blocked by Thomas Hickey.
6:12 of 1st period - Slapshot by Chris Tierney.
6:12 of 1st period - Stopped by Juuse Saros with a rebound.
6:27 of 1st period - Travis Sanheim is hit by Eric Tangradi.
6:35 of 1st period - Snap shot by Eric Tangradi.
6:35 of 1st period - Goal by Eric Tangradi - Atomiques : 1 - Mulligans : 1.
6:36 of 1st period - Chris Tierney wins face-off versus Sam Bennett in neutral zone.
6:47 of 1st period - Dennis Everberg is hit by Matt Beleskey and loses puck.
7:22 of 1st period - Wrist shot by Logan Shaw.
7:22 of 1st period - Deflect By Maxime Macenauer.
7:22 of 1st period - Stopped by Connor Hellebyuk without a rebound.
7:23 of 1st period - Maxime Macenauer wins face-off versus Christoph Bertschy in Atomiques zone.
7:31 of 1st period - Off-side.
7:32 of 1st period - Sam Bennett wins face-off versus Chris Tierney in neutral zone.
7:44 of 1st period - Cade Fairchild is hit by Dennis Everberg and loses puck.
8:07 of 1st period - Wrist shot by Eric Tangradi.
8:07 of 1st period - Goal by Eric Tangradi - Atomiques : 1 - Mulligans : 2.
8:08 of 1st period - Maxime Macenauer wins face-off versus Chris Tierney in neutral zone.
8:13 of 1st period - Snap shot by Logan Shaw.
8:13 of 1st period - Shot Blocked by Wiley Sherman.
8:19 of 1st period - Snap shot by Drayson Bowman.
8:19 of 1st period - Shot Misses the Net.
8:33 of 1st period - Wiley Sherman is hit by Valeri Nichushkin and loses puck.
9:01 of 1st period - Jack Skille is hit by Matt Beleskey.
9:05 of 1st period - Snap shot by Eric Mestery.
9:05 of 1st period - Deflect By Ben Hutton.
9:05 of 1st period - Stopped by Juuse Saros without a rebound.
9:06 of 1st period - Chris Tierney wins face-off versus Robby Fabbri in Mulligans zone.
9:07 of 1st period - Wrist shot by Brandon Saad.
9:07 of 1st period - Shot Blocked by Thomas Hickey.
10:43 of 1st period - Wrist shot by Jack Skille.
10:43 of 1st period - Shot Misses the Net.
11:13 of 1st period - Michael Sdao is hit by Brandon McMillan.
11:39 of 1st period - Jacob De La Rose is hit by Joonas Donskoi and loses puck.
11:46 of 1st period - Eric Mestery is hit by Robby Fabbri and loses puck.
12:07 of 1st period - Slapshot by Joonas Donskoi.
12:07 of 1st period - Stopped by Connor Hellebyuk without a rebound.
12:08 of 1st period - Chris Tierney wins face-off versus Anton Lander in Atomiques zone.
12:08 of 1st period - Chris Tierney is hit by Anton Lander.
12:14 of 1st period - Snap shot by Dennis Everberg.
12:14 of 1st period - Stopped by Juuse Saros with a rebound.
12:42 of 1st period - Drayson Bowman is hit by Taylor Beck and loses puck.
13:05 of 1st period - Wrist shot by Jonathan Ferland.
13:05 of 1st period - Stopped by Connor Hellebyuk without a rebound.
13:06 of 1st period - Chris Tierney wins face-off versus Anton Lander in Atomiques zone.
14:01 of 1st period - Sam Bennett is hit by Corey Tropp and loses puck.
14:16 of 1st period - Snap shot by Eric Tangradi.
14:16 of 1st period - Shot Hit the Post.
14:40 of 1st period - Snap shot by Brandon Saad.
14:40 of 1st period - Stopped by Juuse Saros with a rebound.
14:42 of 1st period - Wrist shot by Eric Mestery.
14:42 of 1st period - Stopped by Juuse Saros with a rebound.
14:44 of 1st period - Slapshot by Matt Tennyson.
14:44 of 1st period - Stopped by Juuse Saros without a rebound.
14:45 of 1st period - Matt Beleskey wins face-off versus Christoph Bertschy in Mulligans zone.
14:54 of 1st period - Snap shot by Christoph Bertschy.
14:54 of 1st period - Stopped by Juuse Saros without a rebound.
14:55 of 1st period - Christoph Bertschy wins face-off versus Sam Bennett in Mulligans zone.
15:08 of 1st period - Slapshot by Thomas Hickey.
15:08 of 1st period - Deflect By Matt Beleskey.
15:08 of 1st period - Goal by Matt Beleskey - Atomiques : 1 - Mulligans : 3.
15:09 of 1st period - Chris Tierney wins face-off versus Anton Lander in neutral zone.
15:16 of 1st period - Wrist shot by Dennis Everberg.
15:16 of 1st period - Shot Misses the Net.
16:01 of 1st period - Slapshot by Jack Skille.
16:01 of 1st period - Stopped by Juuse Saros with a rebound.
16:11 of 1st period - Wrist shot by Logan Shaw.
16:11 of 1st period - Stopped by Connor Hellebyuk with a rebound.
16:13 of 1st period - Snap shot by Michael Sdao.
16:13 of 1st period - Stopped by Connor Hellebyuk with a rebound.
16:15 of 1st period - Slapshot by Drayson Bowman.
16:15 of 1st period - Shot Misses the Net.
16:17 of 1st period - Slapshot by Michael Sdao.
16:17 of 1st period - Shot Blocked by Matt Tennyson.
16:30 of 1st period - Wrist shot by Maxime Macenauer.
16:30 of 1st period - Stopped by Connor Hellebyuk with a rebound.
16:42 of 1st period - Wrist shot by Drayson Bowman.
16:42 of 1st period - Shot Misses the Net.
16:46 of 1st period - Slapshot by Maxime Macenauer.
16:46 of 1st period - Shot Misses the Net.
16:48 of 1st period - Slapshot by Logan Shaw.
16:48 of 1st period - Stopped by Connor Hellebyuk with a rebound.
16:52 of 1st period - Snap shot by Logan Shaw.
16:52 of 1st period - Stopped by Connor Hellebyuk with a rebound.
17:00 of 1st period - Snap shot by Logan Shaw.
17:00 of 1st period - Goal by Logan Shaw - Atomiques : 1 - Mulligans : 4.
17:00 of 1st period - Thatcher Demko enters game.
17:01 of 1st period - Anton Lander wins face-off versus Chris Tierney in neutral zone.
17:06 of 1st period - Slapshot by Eric Tangradi.
17:06 of 1st period - Stopped by Thatcher Demko without a rebound.
17:07 of 1st period - Chris Tierney wins face-off versus Anton Lander in Atomiques zone.
17:12 of 1st period - Slapshot by Wiley Sherman.
17:12 of 1st period - Shot Misses the Net.
17:34 of 1st period - Christoph Bertschy is hit by Sam Bennett and loses puck.
18:11 of 1st period - Darren Dietz is hit by Eric Mestery.
18:27 of 1st period - Wrist shot by Jonathan Ferland.
18:27 of 1st period - Shot Misses the Net.
19:15 of 1st period - Off-side.
19:16 of 1st period - Michael Chaput wins face-off versus Sam Bennett in neutral zone.
19:19 of 1st period - Wrist shot by Brandon McMillan.
19:19 of 1st period - Shot Misses the Net.
19:21 of 1st period - Snap shot by Brandon McMillan.
19:21 of 1st period - Stopped by Juuse Saros with a rebound.
19:23 of 1st period - Snap shot by Brandon McMillan.
19:23 of 1st period - Stopped by Juuse Saros with a rebound.
19:25 of 1st period - Slapshot by Matt Tennyson.
19:25 of 1st period - Deflect By Corey Tropp.
19:25 of 1st period - Shot Misses the Net.
19:25 of 1st period - Puck is out of play.
19:26 of 1st period - Chris Tierney wins face-off versus Eric Tangradi in Mulligans zone.
Goals for this period are 1 for Atomiques vs 4 for Mulligans.
Shots for this period are 14 for Atomiques vs 14 for Mulligans.

2nd period


0:01 of 2nd period - Anton Lander wins face-off versus Chris Tierney in neutral zone.
0:10 of 2nd period - Wiley Sherman is hit by Anton Lander and loses puck.
0:25 of 2nd period - Cody Goloubef is hit by Corey Tropp and loses puck.
0:38 of 2nd period - Snap shot by Eric Tangradi.
0:38 of 2nd period - Shot Misses the Net.
1:04 of 2nd period - Wrist shot by Jack Skille.
1:04 of 2nd period - Shot Blocked by Eric Tangradi.
1:06 of 2nd period - Snap shot by Eric Mestery.
1:06 of 2nd period - Stopped by Juuse Saros with a rebound.
1:16 of 2nd period - Wrist shot by William Nylander.
1:16 of 2nd period - Stopped by Juuse Saros with a rebound.
1:18 of 2nd period - Wrist shot by William Nylander.
1:18 of 2nd period - Stopped by Juuse Saros without a rebound.
1:19 of 2nd period - Christoph Bertschy wins face-off versus Sam Bennett in Mulligans zone.
1:59 of 2nd period - Minor Penalty to Logan Shaw for Hooking.
2:00 of 2nd period - Maxime Macenauer wins face-off versus Chris Tierney in Mulligans zone.
2:04 of 2nd period - Off-side.
2:05 of 2nd period - Chris Tierney wins face-off versus Maxime Macenauer in neutral zone.
2:10 of 2nd period - Snap shot by Dennis Everberg.
2:10 of 2nd period - Deflect By Brandon Saad.
2:10 of 2nd period - Goal by Brandon Saad - Atomiques : 2 - Mulligans : 4.
2:11 of 2nd period - Chris Tierney wins face-off versus Sam Bennett in neutral zone.
3:18 of 2nd period - Wrist shot by Sven Baertschi.
3:18 of 2nd period - Shot Misses the Net.
3:20 of 2nd period - Backhand shot by Michael Sdao.
3:20 of 2nd period - Shot Misses the Net.
3:22 of 2nd period - Wrist shot by Sven Baertschi.
3:22 of 2nd period - Shot Misses the Net.
3:30 of 2nd period - Icing by Darren Dietz.
3:31 of 2nd period - Robby Fabbri wins face-off versus Taylor Beck in Mulligans zone.
4:18 of 2nd period - Eric Tangradi is hit by Corey Tropp and loses puck.
4:23 of 2nd period - Wrist shot by Michael Chaput.
4:23 of 2nd period - Goal by Michael Chaput - Atomiques : 3 - Mulligans : 4.
4:24 of 2nd period - Chris Tierney wins face-off versus Sam Bennett in neutral zone.
5:00 of 2nd period - Christoph Bertschy is hit by Cody Goloubef and loses puck.
5:19 of 2nd period - Wrist shot by Travis Sanheim.
5:19 of 2nd period - Deflect By Corey Tropp.
5:19 of 2nd period - Shot Misses the Net.
5:19 of 2nd period - Puck is out of play.
5:20 of 2nd period - Chris Tierney wins face-off versus Sam Bennett in Mulligans zone.
5:21 of 2nd period - Snap shot by Brandon Saad.
5:21 of 2nd period - Stopped by Juuse Saros with a rebound.
5:35 of 2nd period - Slapshot by Matt Beleskey.
5:35 of 2nd period - Stopped by Thatcher Demko without a rebound.
5:36 of 2nd period - Christoph Bertschy wins face-off versus Valeri Nichushkin in Atomiques zone.
5:36 of 2nd period - Christoph Bertschy is hit by Anton Lander.
5:44 of 2nd period - Wrist shot by Taylor Beck.
5:44 of 2nd period - Stopped by Juuse Saros without a rebound.
5:45 of 2nd period - Christoph Bertschy wins face-off versus Eric Tangradi in Mulligans zone.
5:46 of 2nd period - Snap shot by Taylor Beck.
5:46 of 2nd period - Stopped by Juuse Saros without a rebound.
5:47 of 2nd period - Chris Tierney wins face-off versus Anton Lander in Mulligans zone.
5:48 of 2nd period - Snap shot by Dennis Everberg.
5:48 of 2nd period - Shot Blocked by Valeri Nichushkin.
5:50 of 2nd period - Slapshot by Brandon Saad.
5:50 of 2nd period - Stopped by Juuse Saros without a rebound.
5:51 of 2nd period - Anton Lander wins face-off versus Chris Tierney in Mulligans zone.
5:56 of 2nd period - Travis Sanheim is hit by Eric Tangradi and loses puck.
6:25 of 2nd period - Slapshot by Ben Hutton.
6:25 of 2nd period - Stopped by Thatcher Demko without a rebound.
6:26 of 2nd period - Chris Tierney wins face-off versus Jonathan Ferland in Atomiques zone.
7:04 of 2nd period - Icing by Thomas Hickey.
7:05 of 2nd period - Corey Tropp wins face-off versus Anton Lander in Mulligans zone.
7:10 of 2nd period - Snap shot by Corey Tropp.
7:10 of 2nd period - Shot Blocked by Thomas Hickey.
7:16 of 2nd period - Snap shot by Eric Tangradi.
7:16 of 2nd period - Shot Misses the Net.
7:18 of 2nd period - Snap shot by Valeri Nichushkin.
7:18 of 2nd period - Stopped by Thatcher Demko with a rebound.
7:20 of 2nd period - Slapshot by Anton Lander.
7:20 of 2nd period - Shot Blocked by Wiley Sherman.
7:22 of 2nd period - Slapshot by Valeri Nichushkin.
7:22 of 2nd period - Shot Misses the Net.
7:24 of 2nd period - Slapshot by Valeri Nichushkin.
7:24 of 2nd period - Shot Misses the Net.
7:26 of 2nd period - Slapshot by Cody Goloubef.
7:26 of 2nd period - Shot Misses the Net.
7:28 of 2nd period - Slapshot by Cody Goloubef.
7:28 of 2nd period - Goal by Cody Goloubef - Atomiques : 3 - Mulligans : 5.
7:29 of 2nd period - Chris Tierney wins face-off versus Maxime Macenauer in neutral zone.
7:32 of 2nd period - Slapshot by Travis Sanheim.
7:32 of 2nd period - Stopped by Juuse Saros with a rebound.
7:34 of 2nd period - Slapshot by Wiley Sherman.
7:34 of 2nd period - Shot Blocked by Cade Fairchild.
7:36 of 2nd period - Slapshot by Travis Sanheim.
7:36 of 2nd period - Shot Blocked by Maxime Macenauer.
7:38 of 2nd period - Wrist shot by Dennis Everberg.
7:38 of 2nd period - Stopped by Juuse Saros without a rebound.
7:39 of 2nd period - Maxime Macenauer wins face-off versus Chris Tierney in Mulligans zone.
7:51 of 2nd period - Minor Penalty to Cade Fairchild for Roughing.
7:52 of 2nd period - Chris Tierney wins face-off versus Maxime Macenauer in Mulligans zone.
8:26 of 2nd period - Maxime Macenauer is hit by John Draeger and loses puck.
9:20 of 2nd period - William Nylander is hit by Logan Shaw and loses puck.
9:51 of 2nd period - Penalty to Cade Fairchild is over, Cade Fairchild is back on ice.
10:27 of 2nd period - Eric Mestery is hit by Maxime Macenauer and loses puck.
11:30 of 2nd period - Eric Mestery is hit by Logan Shaw and loses puck.
11:59 of 2nd period - Slapshot by Joonas Donskoi.
11:59 of 2nd period - Stopped by Thatcher Demko with a rebound.
12:18 of 2nd period - Wiley Sherman is hit by Cade Fairchild and loses puck.
12:35 of 2nd period - Snap shot by Anton Lander.
12:35 of 2nd period - Shot Misses the Net.
12:37 of 2nd period - Snap shot by Valeri Nichushkin.
12:37 of 2nd period - Shot Misses the Net.
12:43 of 2nd period - Snap shot by Thomas Hickey.
12:43 of 2nd period - Stopped by Thatcher Demko with a rebound.
13:30 of 2nd period - Drayson Bowman is hit by John Draeger and loses puck.
14:07 of 2nd period - Wrist shot by Jonathan Ferland.
14:07 of 2nd period - Shot Misses the Net.
14:11 of 2nd period - Wrist shot by Jonathan Ferland.
14:11 of 2nd period - Stopped by Thatcher Demko without a rebound.
14:12 of 2nd period - Chris Tierney wins face-off versus Anton Lander in Atomiques zone.
14:12 of 2nd period - Chris Tierney is hit by Cade Fairchild.
14:43 of 2nd period - Jonathan Ferland is hit by Christoph Bertschy and loses puck.
15:30 of 2nd period - Mike Halmo is hit by Robby Fabbri and loses puck.
16:52 of 2nd period - Mike Halmo is hit by Cody Goloubef and loses puck.
17:24 of 2nd period - Off-side.
17:25 of 2nd period - Christoph Bertschy wins face-off versus Sam Bennett in neutral zone.
17:46 of 2nd period - Minor Penalty to Wiley Sherman for Hooking.
17:47 of 2nd period - Chris Tierney wins face-off versus Anton Lander in Atomiques zone.
18:00 of 2nd period - Snap shot by Anton Lander.
18:00 of 2nd period - Stopped by Thatcher Demko with a rebound.
18:02 of 2nd period - Backhand shot by Anton Lander.
18:02 of 2nd period - Stopped by Thatcher Demko with a rebound.
18:18 of 2nd period - Slapshot by Matt Beleskey.
18:18 of 2nd period - Shot Misses the Net.
19:18 of 2nd period - Cody Goloubef is hit by Dennis Everberg and loses puck.
19:45 of 2nd period - Christoph Bertschy is hit by Joonas Donskoi and loses puck.
19:46 of 2nd period - Penalty to Wiley Sherman is over, Wiley Sherman is back on ice.
19:50 of 2nd period - Snap shot by Joonas Donskoi.
19:50 of 2nd period - Goal by Joonas Donskoi - Atomiques : 3 - Mulligans : 6.
19:51 of 2nd period - Chris Tierney wins face-off versus Maxime Macenauer in neutral zone.
Goals for this period are 2 for Atomiques vs 2 for Mulligans.
Shots for this period are 11 for Atomiques vs 10 for Mulligans.

3rd period


0:01 of 3rd period - Anton Lander wins face-off versus Chris Tierney in neutral zone.
0:45 of 3rd period - Travis Sanheim is hit by Thomas Hickey.
2:10 of 3rd period - Snap shot by Corey Tropp.
2:10 of 3rd period - Stopped by Juuse Saros without a rebound.
2:11 of 3rd period - Maxime Macenauer wins face-off versus Christoph Bertschy in Mulligans zone.
2:20 of 3rd period - Darren Dietz is hit by Eric Mestery and loses puck.
2:48 of 3rd period - Wrist shot by Jonathan Ferland.
2:48 of 3rd period - Stopped by Thatcher Demko without a rebound.
2:49 of 3rd period - Michael Chaput wins face-off versus Robby Fabbri in Atomiques zone.
3:06 of 3rd period - Brandon McMillan is hit by Thomas Hickey and loses puck.
3:15 of 3rd period - Wiley Sherman is hit by Joonas Donskoi and loses puck.
3:32 of 3rd period - Wiley Sherman is hit by Thomas Hickey and loses puck.
5:28 of 3rd period - Icing by Wiley Sherman.
5:29 of 3rd period - Anton Lander wins face-off versus Corey Tropp in Atomiques zone.
6:06 of 3rd period - Wrist shot by Matt Beleskey.
6:06 of 3rd period - Stopped by Thatcher Demko with a rebound.
6:38 of 3rd period - Taylor Beck is hit by Valeri Nichushkin and loses puck.
6:43 of 3rd period - Snap shot by Anton Lander.
6:43 of 3rd period - Goal by Anton Lander - Atomiques : 3 - Mulligans : 7.
6:44 of 3rd period - Chris Tierney wins face-off versus Anton Lander in neutral zone.
6:50 of 3rd period - Minor Penalty to John Draeger for Holding.
6:51 of 3rd period - Anton Lander wins face-off versus Jacob De La Rose in Atomiques zone.
7:17 of 3rd period - Matt Beleskey is hit by Mike Halmo and loses puck.
8:50 of 3rd period - Penalty to John Draeger is over, John Draeger is back on ice.
9:00 of 3rd period - Maxime Macenauer is hit by Taylor Beck and loses puck.
9:09 of 3rd period - Taylor Beck is hit by Logan Shaw and loses puck.
9:26 of 3rd period - Snap shot by Joonas Donskoi.
9:26 of 3rd period - Shot Misses the Net.
10:35 of 3rd period - Icing by Sam Bennett.
10:36 of 3rd period - Michael Chaput wins face-off versus Sam Bennett in Mulligans zone.
10:48 of 3rd period - Off-side.
10:49 of 3rd period - Maxime Macenauer wins face-off versus Jacob De La Rose in neutral zone.
11:02 of 3rd period - Wrist shot by Maxime Macenauer.
11:02 of 3rd period - Shot Misses the Net.
11:04 of 3rd period - Slapshot by Cody Goloubef.
11:04 of 3rd period - Stopped by Thatcher Demko without a rebound.
11:05 of 3rd period - Anton Lander wins face-off versus Chris Tierney in Atomiques zone.
11:30 of 3rd period - Christoph Bertschy is hit by Sam Bennett and loses puck.
11:37 of 3rd period - Slapshot by Travis Sanheim.
11:37 of 3rd period - Stopped by Juuse Saros with a rebound.
11:39 of 3rd period - Wrist shot by Wiley Sherman.
11:39 of 3rd period - Stopped by Juuse Saros with a rebound.
11:41 of 3rd period - Snap shot by Taylor Beck.
11:41 of 3rd period - Stopped by Juuse Saros with a rebound.
11:53 of 3rd period - Slapshot by Maxime Macenauer.
11:53 of 3rd period - Stopped by Thatcher Demko without a rebound.
11:54 of 3rd period - Michael Chaput wins face-off versus Maxime Macenauer in Atomiques zone.
12:19 of 3rd period - Dennis Everberg is hit by Eric Tangradi and loses puck.
12:26 of 3rd period - Snap shot by Dennis Everberg.
12:26 of 3rd period - Shot Misses the Net.
12:58 of 3rd period - Cade Fairchild is hit by John Draeger and loses puck.
13:32 of 3rd period - Slapshot by Wiley Sherman.
13:32 of 3rd period - Shot Blocked by Thomas Hickey.
14:00 of 3rd period - Wrist shot by Jonathan Ferland.
14:00 of 3rd period - Shot Misses the Net.
14:02 of 3rd period - Backhand shot by Ben Hutton.
14:02 of 3rd period - Stopped by Thatcher Demko with a rebound.
14:04 of 3rd period - Wrist shot by Matt Beleskey.
14:04 of 3rd period - Shot Misses the Net.
14:06 of 3rd period - Slapshot by Michael Sdao.
14:06 of 3rd period - Shot Misses the Net.
14:12 of 3rd period - Wrist shot by Sam Bennett.
14:12 of 3rd period - Shot Misses the Net.
14:18 of 3rd period - Backhand shot by Travis Sanheim.
14:18 of 3rd period - Shot Blocked by Darren Dietz.
14:20 of 3rd period - Slapshot by Wiley Sherman.
14:20 of 3rd period - Shot Misses the Net.
14:22 of 3rd period - Snap shot by Taylor Beck.
14:22 of 3rd period - Goal by Taylor Beck - Atomiques : 4 - Mulligans : 7.
14:23 of 3rd period - Anton Lander wins face-off versus Chris Tierney in neutral zone.
14:26 of 3rd period - Slapshot by Thomas Hickey.
14:26 of 3rd period - Shot Blocked by Dennis Everberg.
15:01 of 3rd period - Thomas Hickey is hit by Brandon McMillan and loses puck.
15:26 of 3rd period - Slapshot by Cody Goloubef.
15:26 of 3rd period - Stopped by Thatcher Demko with a rebound.
15:54 of 3rd period - Thomas Hickey is hit by Corey Tropp and loses puck.
16:01 of 3rd period - Wrist shot by Logan Shaw.
16:01 of 3rd period - Stopped by Thatcher Demko with a rebound.
16:03 of 3rd period - Snap shot by Thomas Hickey.
16:03 of 3rd period - Stopped by Thatcher Demko with a rebound.
16:23 of 3rd period - Wrist shot by Thomas Hickey.
16:23 of 3rd period - Shot Misses the Net.
16:25 of 3rd period - Backhand shot by Cody Goloubef.
16:25 of 3rd period - Deflect By Corey Tropp.
16:25 of 3rd period - Stopped by Thatcher Demko with a rebound.
16:27 of 3rd period - Slapshot by Cody Goloubef.
16:27 of 3rd period - Stopped by Thatcher Demko with a rebound.
16:29 of 3rd period - Wrist shot by Thomas Hickey.
16:29 of 3rd period - Shot Misses the Net.
16:31 of 3rd period - Snap shot by Logan Shaw.
16:31 of 3rd period - Shot Misses the Net.
16:33 of 3rd period - Slapshot by Cody Goloubef.
16:33 of 3rd period - Stopped by Thatcher Demko with a rebound.
16:35 of 3rd period - Slapshot by Thomas Hickey.
16:35 of 3rd period - Stopped by Thatcher Demko with a rebound.
16:37 of 3rd period - Wrist shot by Drayson Bowman.
16:37 of 3rd period - Goal by Drayson Bowman - Atomiques : 4 - Mulligans : 8.
16:38 of 3rd period - Chris Tierney wins face-off versus Anton Lander in neutral zone.
16:46 of 3rd period - Icing by Anton Lander.
16:47 of 3rd period - Anton Lander wins face-off versus Chris Tierney in Mulligans zone.
16:51 of 3rd period - Off-side.
16:52 of 3rd period - Anton Lander wins face-off versus Chris Tierney in neutral zone.
17:05 of 3rd period - Slapshot by Eric Tangradi.
17:05 of 3rd period - Stopped by Thatcher Demko with a rebound.
17:07 of 3rd period - Snap shot by Valeri Nichushkin.
17:07 of 3rd period - Stopped by Thatcher Demko with a rebound.
18:14 of 3rd period - Snap shot by Chris Tierney.
18:14 of 3rd period - Stopped by Juuse Saros with a rebound.
18:30 of 3rd period - Robby Fabbri is hit by Travis Sanheim and loses puck.
18:57 of 3rd period - Anton Lander is hit by Dennis Everberg and loses puck.
19:10 of 3rd period - Snap shot by Christoph Bertschy.
19:10 of 3rd period - Stopped by Juuse Saros without a rebound.
19:11 of 3rd period - Christoph Bertschy wins face-off versus Sam Bennett in Mulligans zone.
19:14 of 3rd period - Wrist shot by Christoph Bertschy.
19:14 of 3rd period - Goal by Christoph Bertschy - Atomiques : 5 - Mulligans : 8.
19:15 of 3rd period - Anton Lander wins face-off versus Chris Tierney in neutral zone.
19:24 of 3rd period - Snap shot by Anton Lander.
19:24 of 3rd period - Shot Blocked by Chris Tierney.
Goals for this period are 2 for Atomiques vs 2 for Mulligans.
Shots for this period are 8 for Atomiques vs 16 for Mulligans.